 Dungeon Sprint DCSS version 0.31-a0-841-g038b102fc3 (webtiles) character file.

Game seed: 10417374427928192061

34 sircluck the Ruffian (level 3, -11/58 HPs)
             Began as a Troll Berserker on Sept 27, 2023.
             Was a Follower of Trog.
             Mangled by a sea snake (21 damage)
             ... in the Dungeon (Sprint VII: "The Pits").
             The game lasted 00:00:17 (77 turns).

sircluck the Ruffian (Troll Berserker)                Turns: 77, Time: 00:00:18

Health: -11/58     AC:  4    Str: 27    XL:     3   Next: 14%
Magic:  2/2        EV: 10    Int:  3    God:    Trog [*.....]
Gold:   0          SH:  0    Dex:  9    Spells: 2/2 levels left

rFire   . .          .
                       - Unarmed
rCold   . . .        (no shield)
rNeg    . . .        a - +0 animal skin
rPois   .            (helmet restricted)
rElec   .            (no cloak)
rCorr   .            (gloves unavailable)
SInv    .            (boots unavailable)
Will    .....        (no amulet) Stlth
                     (no ring)
HPRegen 1.09/turn    (no ring)
MPRegen 0.08/turn

%: no teleportation
@: berserking (expiring), very quick
A: large, unfitting armour, claws 3, regeneration 1, shaggy fur 1, tough skin 1
a: Renounce Religion, Berserk


You were in the Dungeon.
You worshipped Trog.
Trog was aware of your devotion.
You visited 1 branch

Inventory:

Armour
 a - a +0 animal skin (worn)
Scrolls
 g - a scroll of blinking
Potions
 b - a potion of curing
 c - a potion of heal wounds
 d - a potion of haste
 e - 2 potions of magic
 f - a potion of berserk rage


   Skills:
 + Level 3.9 Fighting
 + Level 3.8 Dodging
 + Level 4.6 Unarmed Combat


You had 2 spell levels left.
You didn't know any spells.
Your spell library was empty.

Dungeon Overview and Level Annotations

Branches:
Dungeon (1/1)

Altars:


Innate Abilities, Weirdness & Mutations

You are too large for most types of armour.
You have claws for hands.
Your natural rate of healing is unusually fast.
You are covered in fur. (AC +1)
You have tough skin. (AC +1)


Message History

The sea snake bites you!
You closely miss the sea snake.
The sea snake is lightly wounded.
The sea snake barely misses you.
You closely miss the sea snake.
You hear some strange, mumbled words.
Something tries to affect you, but you resist.
The sea snake closely misses you.
A red film seems to cover your vision as you go berserk!
You feel yourself moving faster!
You feel mighty! Something hits you. The sea snake closely misses you.
You barely miss the sea snake.
You hear some strange, mumbled words.
You are confused.
The sea snake closely misses you.
You barely miss the sea snake. You miss the sea snake.
Your claw misses the sea snake. Something hits you. The sea snake bites you!
* * * LOW HITPOINT WARNING * * *
You barely miss something. The sea snake bites you!
* * * LOW HITPOINT WARNING * * *
You barely miss the sea snake. You miss the sea snake.
The sea snake closely misses you.
You closely miss the sea snake. You closely miss the sea snake.
The sea snake bites you but does no damage.
You claw the orc!
You kill the orc!
Trog accepts your kill. The sea snake bites you.
* * * LOW HITPOINT WARNING * * *
You scratch something. The sea snake misses you.
You completely miss something.
You bump into the metal wall.
You feel less confused. The sea snake barely misses you.
You barely miss the sea snake. You claw the sea snake!
The sea snake is moderately wounded.
Something hits you but does no damage. The sea snake bites you!!
You die...

#................+
+................+
#......#..#......#
#................#
####'#####''######
#.......##''#
#.......##..#
#.......##..#
#...<...##)@#
#.......##.S#
#.......##.o#
#.......##...#
##########....+
#...## #..## #..#
#..#


You could see a sea snake and an orc.

Vanquished Creatures
  A crimson imp (D)
  An orc (D)
2 creatures vanquished.

Notes
Turn   | Place    | Note
-------+----------+-------------------------------------------
     0 | D        | sircluck the Troll Berserker began the quest for the Orb.
     0 | D        | Reached XP level 1. HP: 22/22 MP: 0/0
    12 | D        | Noticed a crimson imp
    21 | D        | Killed a crimson imp
    22 | D        | Reached skill level 4 in Unarmed Combat
    22 | D        | Reached XP level 2. HP: 32/32 MP: 1/1
    22 | D        | Reached XP level 3. HP: 39/39 MP: 2/2
    55 | D        | Noticed a sea snake
    77 | D        | Mangled by a sea snake

Illustrated notes

Levels and vault maps discovered:
D:        pitsprint [storerooms_1, entrance_room_1, metal_vault_3, armoury_3,
          mini_pit_1, grid_room_1, main_hall_1, silver_pit, the_coven_1,
          the_vestibule_1, steel_vault_4, golden_pit, hallway_of_sentries,
          crystal_vault_3, iron_vault_1, final_vault]

Skill      XL: |  1 |
---------------+----+-----
Fighting       | 3 |  3.9
Dodging        | 3 |  3.8
Unarmed Combat | 4 |  4.6

Action                     || total
---------------------------++-------
  Melee: Unarmed           ||    18
         Punch             ||     1
 Invoke: Berserk           ||     2
 Armour: Animal skin       ||    12
  Dodge: Dodged            ||     9

Table legend: (Time is in decaauts)
 A = Elapsed time spent in this place.
 B = Non-inter-level travel time spent in this place.
 C = Inter-level travel time spent in this place.
 D = Time resting spent in this place.
 E = Time spent auto-exploring this place.
 F = Levels seen in this place.
 G = Mean time per level.
                   A        B        C        D        E       F      G
               +--------+--------+--------+--------+--------+-----+--------+
         Total |     76 |     76 |      0 |     29 |     12 |   1 |   76.0 |
       Dungeon |     76 |     76 |      0 |     29 |     12 |   1 |   76.0 |
               +--------+--------+--------+--------+--------+-----+--------+

Top non-repeatable levels by time:
       D: 76 daAuts
